 Dungeon Crawl Stone Soup version 0.20.0-10-g0535bb4 (webtiles) character file.

38 tindrli the Skirmisher (level 3, 0/33 HPs)
             Began as a Hill Orc Fighter on June 6, 2017.
             Slain by a hobgoblin
             ... wielding a +0 club
             ... led by Robin
              (1 damage)
             ... on level 2 of the Dungeon.
             The game lasted 00:14:30 (1497 turns).

tindrli the Skirmisher (Hill Orc Fighter)           Turns: 1497, Time: 00:14:31

Health: 0/33       AC:  6    Str: 17 (19) XL:     3   Next: 43%
Magic:  3/3        EV:  7    Int:  8      God:
Gold:   46         SH:  8    Dex:  8 (10) Spells: 2/2 levels left

rFire    . . .     SeeInvis .   a - +0 long sword
rCold    . . .     Gourm    .   c - +0 shield
rNeg     . . .     Faith    .   b - +0 scale mail
rPois    .         Spirit   .   (no helmet)
rElec    .         Reflect  .   (no cloak)
rCorr    .         Harm     .   (no gloves)
MR       .....                  (no boots)
Stlth    ..........             (no amulet)
Regen    0.2/turn               e - ring of loudness (curse)
MPRegen  0.1/turn               (no ring)

@: no status effects
A: no striking features
a: no special abilities


You were on level 2 of the Dungeon.
You were not hungry.

You visited 1 branch of the dungeon, and saw 2 of its levels.

You collected 46 gold pieces.

Inventory:

Hand Weapons
 a - a +0 long sword (weapon)
Armour
 b - a +0 scale mail (worn)
 c - a +0 shield (worn)
 h - a +0 ring mail
 k - a +0 leather armour
Jewellery
 e - a cursed ring of loudness (left hand)
Scrolls
 g - a scroll of noise {unknown}
Potions
 d - a potion of might
 i - a potion of lignification {unknown}
 j - a potion of invisibility {unknown}
 l - a potion of curing {unknown}
Comestibles
 f - 3 bread rations


   Skills:
 - Level 3.9 Fighting
 - Level 2.2 Long Blades
 * Level 1.2 Throwing
 - Level 3.5 Armour
 + Level 0.1 Stealth
 + Level 3.9 Shields


You had 2 spell levels left.
You didn't know any spells.

Dungeon Overview and Level Annotations

Branches:
Dungeon (2/15)

Altars:

Annotations:
D:2 Robin


Message History

You hit the goblin but do no damage. You block the goblin's attack. x2
The goblin closely misses you. The goblin hits you with a club.
You closely miss the goblin. You block the goblin's attack.
The goblin hits you but does no damage. The goblin completely misses you.
You riposte.
You hit the goblin but do no damage. You block the goblin's attack.
You hit the goblin.
You kill the goblin!
The goblin hits you with a club.
* * * LOW HITPOINT WARNING * * *
The goblin completely misses you. The hobgoblin hits you with a club.
* * * LOW HITPOINT WARNING * * *
You closely miss the hobgoblin.
The goblin no longer looks unusually strong.
The goblin hits you but does no damage. x2; You block the hobgoblin's attack.
You hit the hobgoblin but do no damage. The goblin hits you but does no damage.
The goblin hits you with a club.
* * * LOW HITPOINT WARNING * * *
The hobgoblin hits you with a club.
You die... #...g... #...g.. .. ..gg.g ..# ## ..gg .. .. ggh

.# #####.. #.####.#
#.....# ##g##...#
#...... #.gg@...#
#<†..##
#..gg...#######.†....
#.............††##..#
##.......########.....
#.....#### ##.........
#.....######.........#
#....................#
#.....######.........#
####### #.........#


You could see a hobgoblin and 4 goblins.

Vanquished Creatures
  An adder (D:2)
  A giant cockroach (D:1)
  2 goblins (D:2)
  4 hobgoblins
  10 jackals
  A ball python (D:1)
  3 bats
  2 frilled lizards
  A rat (D:1)
25 creatures vanquished.

Notes
Turn   | Place    | Note
-------+----------+-------------------------------------------
     0 | D:1      | tindrli the Hill Orc Fighter began the quest for the Orb.
     0 | D:1      | Reached XP level 1. HP: 19/19 MP: 1/1
   209 | D:1      | Reached XP level 2. HP: 24/27 MP: 2/2
  1435 | D:2      | Reached skill level 1 in Throwing
  1435 | D:2      | Reached XP level 3. HP: 17/33 MP: 3/3
  1483 | D:2      | Noticed Robin
  1497 | D:2      | HP: 1/33 [goblin/club[Robin] (1)]
  1497 | D:2      | Slain by a hobgoblin

Skill      XL: |  1  2 |
---------------+-------+-----
Throwing       | 1 |  1.2
Fighting       | |  3.9
Long Blades    | |  2.2
Armour         | |  3.5
Stealth        | |  0.1
Shields        | |  3.9

Action                   || total
-------------------------++-------
Melee: Long sword        ||    82
  Use: Scroll            ||     1
       Potion            ||     1
  Eat: Meat ration       ||     1
Armor: Scale mail        ||    59
Dodge: Dodged            ||    64
Block: Shield            ||    84
       Rpst.: Long sword ||    25
